 Dungeon Crawl Stone Soup version 0.21.1-1-g345015f (webtiles) character file.

384 kae the Insei (level 6, -2/46 HPs)
             Began as a Demonspawn Transmuter on June 13, 2018.
             Was an Initiate of Makhleb.
             Slain by an orc priest
             ... wielding a +0 mace
              (6 damage)
             ... on level 4 of the Dungeon.
             The game lasted 00:03:25 (4490 turns).

kae the Insei (Demonspawn Transmuter)               Turns: 4490, Time: 00:03:26

Health: -2/46      AC:  2    Str: 11    XL:     6   Next: 47%
Magic:  5/10       EV: 23    Int: 14    God:    Makhleb [......]
Gold:   163        SH:  0    Dex: 20    Spells: 5/11 levels left

rFire    + . .     SeeInvis .     - Unarmed
rCold    x . .     Gourm    +   (shield currently unavailable)
rNeg     . . .     Faith    .   (armour currently unavailable)
rPois    x         Spirit   .   (helmet currently unavailable)
rElec    .         Reflect  .   (cloak currently unavailable)
rCorr    .         Harm     .   (gloves currently unavailable)
MR       .....                  (boots currently unavailable)
Stlth    +++.......             e - amulet of the gourmand
HPRegen  0.15/turn              h - ring of fire
MPRegen  0.12/turn              (no ring)

@: spider-form (expiring), very slightly contaminated
A: tiny, repulsion field 1, nightstalker 1
a: End Transformation, Renounce Religion


You were on level 4 of the Dungeon.
You worshipped Makhleb.
Makhleb was noncommittal.
You were not hungry.
You were a venomous arachnid creature.
You visited 2 branches of the dungeon, and saw 5 of its levels.

You collected 163 gold pieces.

Inventory:

Missiles
 a - 98 arrows
Armour
 b - a +0 robe
 f - a +2 robe of resistance (melded)
Jewellery
 e - an amulet of the gourmand (around neck)
 h - a ring of fire (left front leg)
 k - an uncursed ring of protection from fire {unknown}
Wands
 i - a wand of disintegration (17)
Scrolls
 m - a scroll of teleportation
 n - a scroll of remove curse
 o - 3 scrolls of enchant weapon
 p - a scroll of magic mapping
Potions
 g - a potion of mutation
 j - 2 potions of agility
 l - 3 potions of curing
Books
 c - a book of Changes

   Spells                             Type                      Level
   a - Beastly Appendage              Transmutation                1
   b - Sticks to Snakes               Transmutation                2
   c - Spider Form                    Transmutation/Poison         3
   d - Ice Form                       Ice/Transmutation            4
   e - Blade Hands                    Transmutation                5
Comestibles
 d - 8 rations


   Skills:
 + Level 2.6 Fighting
 + Level 3.0 Dodging
 * Level 4.5 Unarmed Combat
 + Level 3.0 Spellcasting
 + Level 2.9 Transmutations
 + Level 1.2 Invocations


You had 5 spell levels left.
You knew the following spells:

 Your Spells              Type           Power        Failure   Level  Hunger
a - Beastly Appendage     Tmut           ##....       17%         1    #......
b - Sticks to Snakes      Tmut           ##......     24%         2    ##.....
c - Spider Form           Tmut/Pois      #.........   56%         3    ###....


Dungeon Overview and Level Annotations

Branches:
Dungeon (4/15)             Temple (1/1) D:4

Altars:
Ashenzari
Cheibriados
Dithmenos
Elyvilon
Fedhas
Gozag
Hepliaklqana
Kikubaaqudgha
Makhleb
Okawaru
Qazlal
Ru
Sif Muna
Trog
Uskayaw
Vehumet
Wu Jian
Xom
Yredelemnul
Zin
The Shining One

Annotations:
D:2 Sigmund


Innate Abilities, Weirdness & Mutations

((You have large cloven feet.))
You are surrounded by a mild repulsion field. (EV +2)
((Your flesh is cold resistant. (rC+)))
You are slightly more attuned to the shadows.


Message History

You hit the orc wizard but do no damage.
The orc wizard looks as sick as possible!
The orc wizard is heavily wounded.
The orc hits you. The orc wizard barely misses you.
The orc hits you with a dagger.
You hit the orc priest but do no damage.
The orc priest is poisoned.
You kill the orc wizard!
Makhleb accepts your kill.
Your Spellcasting skill increases to level 3!
The orc completely misses you. The orc priest hits you with a mace.
The orc hits you with a dagger.
* * * LOW HITPOINT WARNING * * *
You hit the orc priest.
The orc priest looks as sick as possible!
The orc priest is lightly wounded.
The orc barely misses you. The orc hits you with a dagger.
* * * LOW HITPOINT WARNING * * *
The orc priest hits you with a mace.
You die...

..######### #.###............
#.##......## #.# *###.#.......
..........)## ##.# #.#.......
.#..........####..# #..#######
.#....(.....##...## ##...#
.#..........##.#######**###.####
...............#*#...#.,,*#....##
.#...........####o.....,,,####..#
.##.............s).....,,,,* ##..
.#...........###oo.....,,,,* #...
.#..........## #.......,,,,* #.##
##..........#####......,,,** #.##
#...................#.,,****#.##
#..................##******<..##
###.................# ****,,####
..##..............,,* *,,,,** #
#.....####........,,* **,**** #


You could see an orc priest and 2 orcs.

Vanquished Creatures
  A phantom (D:4)
  A scorpion (D:4)
  A hound (D:4)
  An orc priest (D:3)
  Jessica (D:2)
  An orc wizard (D:4)
  A hound skeleton (D:4)
  An adder (D:3)
  3 oozes
  2 adder skeletons (D:4)
  3 worms (D:3)
  2 leopard geckos
  4 orcs
  A ball python (D:3)
  6 giant cockroaches
  7 goblins
  12 hobgoblins
  3 jackals (D:1)
  8 bats
  6 frilled lizards
  13 kobolds
  4 rats
82 creatures vanquished.

Vanquished Creatures (collateral kills)
  An adder (D:3)
1 creature vanquished.

Grand Total: 83 creatures vanquished

Notes
Turn   | Place    | Note
-------+----------+-------------------------------------------
     0 | D:1      | kae the Demonspawn Transmuter began the quest for the Orb.
     0 | D:1      | Reached XP level 1. HP: 15/15 MP: 3/3
   323 | D:1      | Gained mutation: You are surrounded by a mild repulsion field. (EV +2) [demonic ancestry]
   323 | D:1      | Reached XP level 2. HP: 7/21 MP: 3/5
   671 | D:1      | Reached skill level 3 in Unarmed Combat
  1111 | D:1      | Gained mutation: You have large cloven feet. [demonic ancestry]
  1111 | D:1      | Reached XP level 3. HP: 26/26 MP: 6/6
  1284 | D:2      | Noticed Jessica
  1303 | D:2      | Killed Jessica
  1303 | D:2      | Gained mutation: You are slightly more attuned to the shadows. [demonic ancestry]
  1303 | D:2      | Reached XP level 4. HP: 8/33 MP: 7/7
  1617 | D:2      | Noticed Sigmund
  1791 | D:2      | Learned a level 2 spell: Sticks to Snakes
  1795 | D:2      | Learned a level 3 spell: Spider Form
  2000 | D:2      | Found a faded altar of an unknown god.
  2676 | D:3      | Reached XP level 5. HP: 6/38 MP: 4/8
  3387 | D:4      | Reached skill level 4 in Unarmed Combat
  3464 | D:4      | Found a staircase to the Ecumenical Temple.
  3613 | Temple   | Entered the Ecumenical Temple
  3786 | Temple   | Became a worshipper of Makhleb the Destroyer
  3955 | D:4      | Noticed a phantom
  4241 | D:4      | Killed a phantom
  4241 | D:4      | Reached skill level 1 in Invocations
  4241 | D:4      | Gained mutation: Your flesh is cold resistant. (rC+) [demonic ancestry]
  4241 | D:4      | Reached XP level 6. HP: 23/46 MP: 5/10
  4490 | D:4      | Slain by an orc priest

Skill      XL: |  1  2  3  4  5  6 |
---------------+-------------------+-----
Unarmed Combat | 3 4 |  4.5
Dodging        | 2 3 |  3.0
Transmutations | 2 |  2.9
Fighting       | 2 |  2.6
Invocations    | 1 |  1.2
Spellcasting   | 3 |  3.0

Action                   |  1- 3 |  4- 6 || total
-------------------------+-------+-------++-------
Melee: Unarmed           |   117 |   193 ||   310
       Kick              |    12 |    37 ||    49
       Headbutt          |     8 |    11 ||    19
       Punch             |     1 |     3 ||     4
 Cast: Beastly Appendage |    13 |    14 ||    27
       Spider Form       |       |     7 ||     7
       Sticks to Snakes  |       |     1 ||     1
  Use: Potion            |     4 |       ||     4
       Scroll            |     4 |     7 ||    11
 Stab: Sleeping          |       |     4 ||     4
  Eat: Chunk             |     2 |    16 ||    18
Armor: Robe              |    20 |    21 ||    41
       Skin              |    17 |     2 ||    19
Dodge: Dodged            |    79 |   129 ||   208
